[ PARTIDA AOE2 · #472308015 ]
UnrankedPortugueses vs Japanese
Equipo del jugador · DERR
Equipo rival · VICT
[ ANÁLISIS DE REPETICIÓN · EXTRAÍDO DE LA PARTIDA GRABADA ]
Feudal
10:16
Castillos
14:21
Imperial
24:56
| APM promedio | 26.0 |
| APM pico | 81 |
| eAPM promedio | 11.4 |
| Aldeanos / militares | 35 / 12 |
Foco
⚔️ 19.3% · 🌾 80.7%
Organ Gun ×8 · Monk ×2 · Mangonel ×2
Feudal
11:04
Castillos
15:05
Imperial
—
| APM promedio | 52.5 |
| APM pico | 106 |
| eAPM promedio | 30.5 |
| Aldeanos / militares | 91 / 97 |
Foco
⚔️ 19.3% · 🌾 80.7%
Samurai ×86 · Battering Ram ×11
Mapa de la partida
Recursos iniciales + cada clic de construcción. Líneas = muros · curvas = relieve. ◆ oro · ⬟ piedra · ● bayas · ✦ reliquia · ◌ hueco del cierre
Inputs por minuto
— hamole - - xxx
Build order — hamole
96 acciones detectadas en el replay
| 0:00 | Crear | Villager (Male) |
| 0:01 | Crear | Villager (Male) |
| 0:01 | Crear | Villager (Male) |
| 0:02 | Crear | Villager (Male) |
| 0:02 | Construir | House |
| 0:04 | Construir | House |
| 1:33 | Crear | Villager (Male) |
| 1:45 | Construir | Mill |
| 2:10 | Crear | Villager (Male) |
| 2:10 | Crear | Villager (Male) |
| 2:27 | Crear | Villager (Male) |
| 3:24 | Crear | Villager (Male) |
| 3:24 | Crear | Villager (Male) |
| 3:29 | Construir | House |
| 3:48 | Crear | Villager (Male) |
| 4:07 | Crear | Villager (Male) |
| 4:18 | Crear | Villager (Male) |
| 5:08 | Crear | Villager (Male) |
| 5:32 | Crear | Villager (Male) |
| 5:32 | Crear | Villager (Male) |
| 5:37 | Construir | House |
| 5:40 | Crear | Villager (Male) |
| 6:12 | Crear | Villager (Male) |
| 6:29 | Crear | Villager (Male) |
| 7:13 | Construir | Mining Camp |
| 8:06 | Investigar | Feudal Age |
| 8:43 | Construir | Lumber Camp |
| 9:52 | Crear | Villager (Male) |
| 10:00 | Crear | Villager (Male) |
| 10:16 | Edad | Edad Feudal |
| 10:19 | Construir | Market |
| 10:59 | Construir | Blacksmith |
| 11:08 | Investigar | Loom |
| 11:38 | Construir | House |
| 11:41 | Investigar | Castle Age |
| 12:25 | Construir | House |
| 13:26 | Construir | Mining Camp |
| 13:30 | Crear | Villager (Male) |
| 14:21 | Edad | Edad de los Castillos |
| 14:24 | Construir | Castle |
| 14:38 | Crear | Villager (Male) |
| 14:38 | Crear | Villager (Male) |
| 14:39 | Crear | Villager (Male) |
| 14:48 | Construir | Monastery |
| 15:06 | Construir | Palisade Wall |
| 15:07 | Construir | Palisade Wall |
| 15:08 | Construir | Palisade Wall |
| 15:18 | Crear | Villager (Male) |
| 15:33 | Construir | Mining Camp |
| 15:36 | Crear | Organ Gun |
| 15:55 | Crear | Monk |
| 16:12 | Construir | Mill |
| 16:15 | Crear | Organ Gun |
| 16:21 | Crear | Villager (Male) |
| 17:01 | Crear | Monk |
| 17:07 | Crear | Organ Gun |
| 17:07 | Crear | Organ Gun |
| 17:07 | Crear | Organ Gun |
| 18:02 | Construir | Farm |
| 18:03 | Construir | Farm |
| 18:05 | Construir | Farm |
| 18:08 | Construir | Farm |
| 18:14 | Crear | Villager (Male) |
| 18:50 | Construir | Farm |
| 18:52 | Construir | Farm |
| 19:33 | Crear | Villager (Male) |
| 20:45 | Construir | Farm |
| 20:56 | Crear | Villager (Male) |
| 21:45 | Construir | Farm |
| 21:46 | Investigar | Imperial Age |
| 22:00 | Construir | House |
| 22:01 | Construir | House |
| 22:04 | Construir | House |
| 22:05 | Construir | House |
| 22:21 | Construir | Siege Workshop |
| 23:00 | Crear | Organ Gun ×3 |
| 23:06 | Investigar | Double-Bit Axe |
| 23:43 | Construir | Lumber Camp |
| 23:51 | Crear | Villager (Male) |
| 23:52 | Crear | Villager (Male) |
| 24:03 | Construir | House |
| 24:04 | Construir | House |
| 24:56 | Edad | Edad Imperial |
| 25:03 | Crear | Mangonel |
| 25:18 | Construir | Feitoria |
| 25:50 | Crear | Villager (Male) |
| 26:12 | Construir | Siege Workshop |
| 26:34 | Construir | Castle |
| 26:54 | Crear | Villager (Male) |
| 26:56 | Crear | Villager (Male) |
| 27:01 | Crear | Mangonel |
| 27:15 | Construir | House |
| 27:17 | Construir | House |
| 27:19 | Construir | House |
| 27:23 | Construir | House |
| 27:55 | Construir | Palisade Wall |
Build order — xxx
Primeras 150 de 287 acciones detectadas
| 0:00 | Crear | Villager (Male) |
| 0:04 | Construir | House |
| 0:08 | Construir | House |
| 0:18 | Crear | Villager (Male) |
| 0:18 | Crear | Villager (Male) |
| 0:18 | Crear | Villager (Male) |
| 0:19 | Crear | Villager (Male) |
| 0:19 | Crear | Villager (Male) |
| 0:19 | Crear | Villager (Male) |
| 0:19 | Crear | Villager (Male) |
| 1:24 | Crear | Villager (Male) |
| 1:24 | Crear | Villager (Male) |
| 1:25 | Crear | Villager (Male) |
| 2:14 | Crear | Villager (Male) |
| 2:14 | Crear | Villager (Male) |
| 2:14 | Crear | Villager (Male) |
| 2:15 | Crear | Villager (Male) |
| 2:15 | Crear | Villager (Male) |
| 2:15 | Crear | Villager (Male) |
| 2:15 | Crear | Villager (Male) |
| 2:41 | Crear | Villager (Male) |
| 2:42 | Crear | Villager (Male) |
| 2:52 | Crear | Villager (Male) |
| 2:52 | Crear | Villager (Male) |
| 2:53 | Crear | Villager (Male) |
| 2:53 | Crear | Villager (Male) |
| 2:53 | Crear | Villager (Male) |
| 3:37 | Construir | House |
| 3:38 | Construir | House |
| 3:38 | Construir | House |
| 3:41 | Crear | Villager (Male) |
| 3:42 | Crear | Villager (Male) |
| 3:42 | Crear | Villager (Male) |
| 3:42 | Crear | Villager (Male) |
| 4:08 | Crear | Villager (Male) |
| 4:08 | Crear | Villager (Male) |
| 4:09 | Crear | Villager (Male) |
| 4:09 | Crear | Villager (Male) |
| 4:09 | Crear | Villager (Male) |
| 4:10 | Crear | Villager (Male) |
| 4:10 | Crear | Villager (Male) |
| 4:10 | Crear | Villager (Male) |
| 4:10 | Crear | Villager (Male) |
| 4:56 | Crear | Villager (Male) |
| 4:56 | Crear | Villager (Male) |
| 4:57 | Crear | Villager (Male) |
| 4:57 | Crear | Villager (Male) |
| 4:57 | Crear | Villager (Male) |
| 4:57 | Crear | Villager (Male) |
| 5:22 | Construir | Lumber Camp |
| 5:28 | Crear | Villager (Male) |
| 5:36 | Crear | Villager (Male) |
| 6:14 | Construir | Mill |
| 6:52 | Crear | Villager (Male) |
| 6:53 | Crear | Villager (Male) |
| 7:35 | Construir | Mining Camp |
| 7:40 | Construir | Mining Camp |
| 7:48 | Crear | Villager (Male) |
| 8:23 | Crear | Villager (Male) |
| 8:31 | Investigar | Feudal Age |
| 8:31 | Investigar | Feudal Age |
| 10:18 | Construir | House |
| 10:19 | Construir | House |
| 10:23 | Crear | Villager (Male) |
| 10:23 | Crear | Villager (Male) |
| 11:04 | Edad | Edad Feudal |
| 11:17 | Construir | Market |
| 11:18 | Construir | Market |
| 11:26 | Construir | Blacksmith |
| 11:53 | Investigar | Loom |
| 11:53 | Investigar | Loom |
| 11:53 | Investigar | Loom |
| 12:25 | Investigar | Castle Age |
| 12:25 | Investigar | Castle Age |
| 12:38 | Investigar | Horse Collar |
| 12:39 | Investigar | Horse Collar |
| 12:39 | Investigar | Horse Collar |
| 13:03 | Construir | Farm |
| 13:05 | Construir | Farm |
| 13:14 | Crear | Villager (Male) |
| 13:15 | Crear | Villager (Male) |
| 13:59 | Construir | Farm |
| 13:59 | Construir | Farm |
| 14:04 | Construir | Farm |
| 15:05 | Edad | Edad de los Castillos |
| 15:22 | Construir | Castle |
| 15:30 | Crear | Villager (Male) |
| 15:30 | Crear | Villager (Male) |
| 15:30 | Crear | Villager (Male) |
| 15:31 | Crear | Villager (Male) |
| 15:31 | Crear | Villager (Male) |
| 15:45 | Construir | Farm |
| 15:46 | Construir | Farm |
| 15:48 | Construir | Farm |
| 15:49 | Construir | Farm |
| 16:24 | Crear | Villager (Male) |
| 16:34 | Construir | Farm |
| 16:35 | Construir | Farm |
| 16:37 | Construir | Farm |
| 16:43 | Crear | Villager (Male) |
| 16:54 | Construir | Farm |
| 16:55 | Construir | Farm |
| 17:10 | Construir | Barracks |
| 17:24 | Crear | Villager (Male) |
| 17:25 | Crear | Villager (Male) |
| 17:25 | Crear | Villager (Male) |
| 17:36 | Construir | Farm |
| 17:39 | Construir | Farm |
| 18:03 | Construir | House |
| 18:03 | Construir | House |
| 18:03 | Construir | House |
| 18:04 | Construir | House |
| 18:04 | Construir | House |
| 18:04 | Construir | House |
| 18:05 | Construir | House |
| 18:05 | Construir | House |
| 18:05 | Construir | House |
| 18:05 | Construir | House |
| 18:06 | Construir | House |
| 18:06 | Construir | House |
| 18:08 | Construir | House |
| 18:08 | Construir | House |
| 18:09 | Construir | House |
| 18:10 | Construir | House |
| 18:14 | Investigar | Squires |
| 18:14 | Investigar | Squires |
| 18:27 | Crear | Villager (Male) |
| 18:31 | Investigar | Scale Mail Armor |
| 18:31 | Investigar | Scale Mail Armor |
| 18:32 | Investigar | Forging |
| 18:47 | Crear | Villager (Male) |
| 18:54 | Investigar | Gold Mining |
| 18:54 | Investigar | Gold Mining |
| 19:18 | Investigar | Double-Bit Axe |
| 19:18 | Investigar | Double-Bit Axe |
| 19:38 | Construir | Siege Workshop |
| 19:44 | Crear | Villager (Male) |
| 19:44 | Crear | Villager (Male) |
| 19:44 | Crear | Villager (Male) |
| 19:45 | Crear | Villager (Male) |
| 19:53 | Construir | House |
| 19:54 | Construir | House |
| 19:54 | Construir | House |
| 19:54 | Construir | House |
| 20:02 | Investigar | Forging |
| 20:02 | Investigar | Forging |
| 20:14 | Crear | Villager (Male) |
| 20:14 | Crear | Villager (Male) |
| 20:33 | Construir | House |
| 20:35 | Construir | House |
Cronología de la partida
| 10:16 | hamole · age_up feudal |
| 11:04 | xxx · age_up feudal |
| 11:24 | hamole · first_market_sell 100 stone |
| 14:21 | hamole · age_up castle |
| 14:24 | hamole · first_building Castle |
| 14:48 | hamole · first_building Monastery |
| 15:05 | xxx · age_up castle |
| 15:05 | xxx · first_market_buy 100 stone |
| 15:06 | hamole · wall_segment Palisade Wall x1 |
| 15:07 | hamole · wall_segment Palisade Wall x1 |
| 15:08 | hamole · wall_segment Palisade Wall x1 |
| 15:22 | xxx · first_building Castle |
| 17:10 | xxx · first_building Barracks |
| 19:38 | xxx · first_building Siege Workshop |
| 21:36 | hamole · first_market_buy 500 food |
| 22:21 | hamole · first_building Siege Workshop |
| 24:56 | hamole · age_up imperial |
| 27:55 | hamole · wall_segment Palisade Wall x1 |
| 28:44 | hamole · resign |
[ ANÁLISIS IA · 1 CRÉDITO ]
¿Qué pasó realmente en esta partida?
Wolo.gg analiza cada decisión: build order, eco, micro, errores típicos por bracket. Análisis personalizado por WhatsApp o Discord en 30 segundos.
Guía civ
Portugueses
Perfil
Jugador #2110797